 Dungeon Crawl Stone Soup version 0.28.0-45-g0d030f2227 (webtiles) character file.

Game seed: 11816907594150360364

2476 CryoSword the Firebug (level 9, -11/106 HPs)
             Began as a Demigod Fire Elementalist on Apr 10, 2022.
             Mangled by Joseph
             ... wielding a +4 antimagic quarterstaff
              (13 damage)
             ... on level 8 of the Dungeon.
             The game lasted 00:10:40 (9989 turns).

CryoSword the Firebug (Demigod Fire Elementalist)   Turns: 9989, Time: 00:10:41

Health: -11/106    AC:  3    Str:  9    XL:     9   Next: 6%
Magic:  0/15       EV: 13    Int: 29    God:
Gold:   224        SH:  0    Dex: 14    Spells: 9/12 levels left

rFire   . . .      SeeInvis .   x - +5 war axe
rCold   . . .      Faith    .   (no shield)
rNeg    . . .      Spirit   .   a - +0 robe
rPois   .          Reflect  .   j - +0 hat {Will+}
rElec   .          Harm     .   y - scarf {repulsion}
rCorr   .          Rampage  .   (no gloves)
Will    +....                   q - +0 pair of boots
Stlth   ..........              (no amulet)
HPRegen 0.27/turn               (no ring)
MPRegen 0.14/turn               (no ring)

@: berserking, hasted, repel missiles, very quick
A: high MP 1, forlorn, divine attributes
a: no special abilities


You were on level 8 of the Dungeon.
You visited 1 branch of the dungeon, and saw 8 of its levels.

You collected 344 gold pieces.
You spent 120 gold pieces at shops.

Inventory:

Hand Weapons
 x - a +5 war axe (weapon)
   (You found it on level 6 of the Dungeon)
Missiles
 c - 19 poisoned darts (quivered)
 p - 6 boomerangs
 s - 6 atropa-tipped darts
 w - 2 throwing nets
Armour
 a - a +0 robe (worn)
 j - a +0 hat of willpower (worn)
   (You found it on level 2 of the Dungeon)
 q - a +0 pair of boots (worn)
   (You found it on level 6 of the Dungeon)
 y - a scarf of repulsion (worn)
   (You bought it in a shop on level 5 of the Dungeon)
Jewellery
 v - a ring of ice
   (You found it on level 7 of the Dungeon)
Wands
 t - a wand of acid (18)
   (You found it on level 4 of the Dungeon)
Scrolls
 d - a scroll of enchant armour
 e - 2 scrolls of fog
 f - 5 scrolls of magic mapping {unknown}
 h - 2 scrolls of fear
 i - 3 scrolls of teleportation {@r4}
 l - 2 scrolls of enchant weapon
 o - 2 scrolls of amnesia {unknown}
 z - a scroll of holy word {unknown}
 A - a scroll of noise {unknown}
Potions
 b - 2 potions of ambrosia
 g - a potion of might
 k - a potion of haste {@q3}
 r - a potion of attraction {!q}
 u - a potion of degeneration {!q}
 B - a potion of brilliance {unknown}


   Skills:
 + Level 4.1 Fighting
 + Level 4.6 Dodging
 - Level 4.0 Stealth
 - Level 2.0 Spellcasting
 * Level 6.3 Conjurations
 * Level 7.0 Fire Magic


You had 9 spell levels left.
You knew the following spells:

 Your Spells              Type           Power      Damage    Failure   Level
a - Foxfire               Conj/Fire      100%       2x1d9     1%          1
b - Scorch                Fire           86%        2d9       1%          2

Your spell library contained the following spells:

 Spells                   Type           Power      Damage    Failure   Level
 Conjure Flame            Conj/Fire      41%        6-21      1%          3
 Flame Wave               Conj/Fire      41%        2d9       5%          4
 Inner Flame              Hex/Fire       23%        N/A       6%          3
 Call Canine Familiar     Summ           2%         N/A       26%         3
 Portal Projectile        Hex/Tloc       4%         N/A       26%         3
 Leda's Liquefaction      Hex/Erth       1%         N/A       63%         4


Dungeon Overview and Level Annotations

Branches:
Dungeon (8/15)             Temple (0/1) D:6
   Lair: D:8-11

Shops:
D:3 (   D:5 *

Annotations:
D:3 3 runed translucent doors, Vangrel's ghost, amateur HOFi
D:8 Joseph; Maggie


Innate Abilities, Weirdness & Mutations

You have an increased reservoir of magic. (+10% MP)
You shall have no god before yourself.
Your divine heritage dramatically boosts your attributes as you level up.


Message History

[a stone staircase leading up.]
A stone staircase leading down.
A stone staircase leading down.
Unknown command.
The floor.
The floor.
The floor.
The floor.
The floor.
Saving game... please wait.
Welcome back, CryoSword the Demigod Fire Elementalist.
The floor.
The floor.
The floor.
You don't know that spell.
There is a stone staircase leading down here.
You climb downwards.
Level annotation: Maggie
There is a stone staircase leading up here.
A killer bee, an orc and an orc priest come into view.
The orc priest shouts!
The killer bee buzzes angrily.
A killer bee comes into view.
The orc priest mumbles some strange prayers to Beogh against you.
Beogh smites you!
A killer bee comes into view.
The orc moves out of view.
You hear a shout! x3
A killer bee comes into view.
An orc comes into view. It is wielding a +0 short sword.
The killer bee moves out of view.
You conjure some foxfire!
The killer bee buzzes angrily.
The orc shouts!
The orc priest shouts!
You hear an angry buzzing noise.
Flames lash the killer bee.
The killer bee's fire resistance burns away.
The killer bee buzzes angrily.
The foxfire hits the orc. x2
You kill the orc!
A killer bee comes into view.
A lemure comes into view. x2
The killer bee misses you.
The killer bee moves out of view.
You conjure some foxfire!
The killer bee closely misses you.
A lemure comes into view.
The killer bee stings you.
You are poisoned.
The killer bee poisons you! The killer bee closely misses you.
You feel sick.
The foxfire hits the killer bee.
You feel sick.
The killer bee is no longer more vulnerable to fire.
The killer bee closely misses you.
There is a stone staircase leading up here.
You feel sick.
The orc priest begins to cast a cantrip, but forgets the words!
The killer bee stings you.
You are more poisoned.
The killer bee poisons you!
You climb upwards.
You feel very sick.
There is a stone staircase leading down here.
Flames lash the killer bee.
You kill the killer bee!
You feel sick.
You feel sick.
You feel sick.
You feel sick.
You feel sick.
You feel sick.
You feel sick.
You are no longer poisoned.
There is a stone staircase leading down here.
You start resting.
You start resting.
You climb downwards.
Level annotation: Maggie
There is a stone staircase leading up here.
You conjure some foxfire!
The wyvern hisses angrily.
Flames lash the bullfrog.
The bullfrog's fire resistance burns away.
The foxfire hits the bullfrog!
The bullfrog is burned terribly!
The bullfrog closely misses you. The wyvern closely misses you.
The bullfrog barely misses you.
Flames lash the bullfrog.
The bullfrog is burned terribly!
You kill the bullfrog!
The wyvern bites you! The wyvern bites you.
You have reached level 9!
Your experience leads to a dramatic increase in your attributes!
Increase (S)trength, (I)ntelligence, or (D)exterity?
You feel clever. x4
There is a stone staircase leading up here.
The wyvern closely misses you. The wyvern bites you!
You climb upwards.
There is a stone staircase leading down here.
Flames lash the wyvern.
The wyvern's fire resistance burns away.
The wyvern barely misses you.
Flames lash the wyvern.
The wyvern is burned terribly!
You kill the wyvern!
Your Fire Magic skill increases to level 7!
Nothing appears to happen.
Unknown command.
You start resting.
You start resting.
You climb downwards.
Level annotation: Maggie
There is a stone staircase leading up here.
Found 17 gold pieces.
You now have 224 gold pieces (gained 17).
Found an escape hatch in the floor.
Found a stone staircase leading down.
There is an escape hatch in the floor here.
Joseph, a Mercenary comes into view.
He is wielding a +4 antimagic quarterstaff.
Joseph shouts!
Joseph unwields a +4 antimagic quarterstaff.
Joseph wields a +0 hunting sling of flaming.
It bursts into flame!
Joseph shoots a sling bullet.
The sling bullet hits you!! The sling bullet burns you.
You conjure some foxfire!
Joseph shoots a sling bullet.
The sling bullet misses you.
Flames lash Joseph.
Joseph's fire resistance burns away.
The foxfire hits Joseph.
Joseph is burned terribly!
Joseph shoots a sling bullet.
The sling bullet hits you!!
* * * LOW HITPOINT WARNING * * *
The sling bullet burns you.
* * * LOW HITPOINT WARNING * * *
You feel much better.
You feel yourself speed up.
Flames lash Joseph.
Joseph is burned terribly!
Joseph unwields a +0 hunting sling of flaming.
It stops flaming.
Joseph wields a +4 antimagic quarterstaff.
Joseph hits you with a +4 antimagic quarterstaff!
* * * LOW HITPOINT WARNING * * *
You feel your power leaking away.
You don't have enough magic to cast this spell.
Okay, then.
A red film seems to cover your vision as you go berserk!
You feel yourself moving faster!
You feel mighty!
You closely miss Joseph.
Joseph hits you with a +4 antimagic quarterstaff!!
* * * LOW HITPOINT WARNING * * *
You feel your power leaking away.
You slash Joseph!
Joseph hits you with a +4 antimagic quarterstaff!!
* * * LOW HITPOINT WARNING * * *
You completely miss Joseph. Joseph closely misses you.
You slash Joseph! Joseph misses you.
Unknown command.
You slash Joseph!
Joseph hits you with a +4 antimagic quarterstaff!
You die...

## ..... ###
##......# .
###....##.### ..
........$..#
...##....##.#@#
...........#.######
.........@#ยง?.^...
## ##.>#...@...#
.## #.
#.>..#......... #..
.. #.####..##.....
..##.######.# #..#
#### ............#
#..#
..##.#####..####..#
.# #..............#
<##.######.#####..#


You could see Joseph (combustible).

Vanquished Creatures
  A wyvern (D:7)
  A steam dragon (D:6)
  A water moccasin (D:7)
  Duvessa (D:5)
  An orc warrior (D:5)
  A sky beast (D:5)
  A black bear (D:4)
  A necrophage (D:5)
  2 ogres
  2 centaurs
  A water moccasin zombie (D:6)
  3 bullfrogs
  A wyvern zombie (D:5)
  Dowan (D:4)
  5 wights (D:7)
  A killer bee (D:7)
  4 howler monkeys
  A hound (D:7)
  2 centaur skeletons
  Crazy Yiuf (D:4)
  3 jellies
  4 iguanas
  3 orc wizards
  A hound skeleton (D:4)
  A howler monkey skeleton (D:4)
  5 adders
  2 shadow imps (D:5)
  A white imp (D:6)
  An ufetubus (D:6)
  A worm (D:4)
  A dart slug (D:3)
  16 orcs
  9 endoplasms
  5 goblins
  3 hobgoblins
  9 jackals
  2 quokkas
  6 ball pythons
  A bat (D:2)
  2 frilled lizards
  6 kobolds
  2 rats (D:3)
116 creatures vanquished.

Vanquished Creatures (collateral kills)
  6 foxfires (D:2)
6 creatures vanquished.

Vanquished Creatures (others)
  408 foxfires
  3 fungi (D:3)
  A plant (D:3)
412 creatures vanquished.

Grand Total: 534 creatures vanquished

Notes
Turn   | Place    | Note
-------+----------+-------------------------------------------
     0 | D:1      | CryoSword the Demigod Fire Elementalist began the quest for
                  | the Orb.
     0 | D:1      | Reached XP level 1. HP: 14/14 MP: 5/5
    86 | D:1      | Reached skill level 1 in Conjurations
   517 | D:1      | Reached XP level 2. HP: 22/22 MP: 7/7
   545 | D:1      | Learned a level 2 spell: Scorch
  1014 | D:1      | Reached skill level 3 in Fire Magic
  1615 | D:2      | Reached XP level 3. HP: 27/27 MP: 5/8
  2487 | D:3      | Identified the +9 whip "Xiyb" {vorpal, Drain Dex+6}
  3287 | D:3      | Found a runed translucent gate.
  3288 | D:3      | Found a runed translucent gate.
  3288 | D:3      | Noticed a kobold brigand
  3289 | D:3      | Found a runed translucent gate.
  3292 | D:3      | Noticed Vangrel's ghost (amateur HOFi)
  3366 | D:3      | Reached skill level 1 in Fighting
  3793 | D:3      | Found Xees's Weapon Shop.
  4023 | D:4      | Reached XP level 4. HP: 35/35 MP: 1/9
  4368 | D:4      | Noticed a centaur
  4379 | D:4      | Killed a centaur
  4380 | D:4      | Reached XP level 5. HP: 36/40 MP: 3/10
  4550 | D:4      | Noticed a black bear
  4556 | D:4      | Killed a black bear
  4557 | D:4      | Reached skill level 4 in Fire Magic
  4674 | D:4      | Reached XP level 6. HP: 43/48 MP: 2/11
  5395 | D:4      | Found a runed translucent door.
  5396 | D:4      | Noticed Crazy Yiuf
  5549 | D:4      | Killed Crazy Yiuf
  5821 | D:5      | Entered Level 5 of the Dungeon
  5845 | D:5      | Reached XP level 7. HP: 55/55 MP: 4/13
  5987 | D:5      | Noticed Dowan
  5991 | D:5      | Noticed Duvessa
  6764 | D:5      | Reached skill level 5 in Fire Magic
  6886 | D:5      | Found Zeih's Neck Hole.
  6892 | D:5      | Bought a scarf of repulsion for 120 gold pieces
  7168 | D:5      | Killed Duvessa
  7321 | D:4      | Killed Dowan
  7363 | D:5      | Reached XP level 8. HP: 54/63 MP: 10/14
  7705 | D:5      | Reached skill level 5 in Conjurations
  7850 | D:6      | Reached skill level 6 in Fire Magic
  8109 | D:6      | Found a staircase to the Ecumenical Temple.
  9608 | D:8      | Noticed Maggie
  9824 | D:8      | Reached XP level 9. HP: 56/71 MP: 9/15
  9829 | D:7      | Reached skill level 7 in Fire Magic
  9970 | D:8      | Noticed Joseph
  9986 | D:8      | HP: 1/106 [Joseph/+4 antimagic quarterstaff (20)]
  9989 | D:8      | Mangled by Joseph

Illustrated notes

Levels and vault maps discovered:
D:1:      nicolae_arrival_washed_ashore, layout_loops_ring
D:2:      layout_basic, ebering_ecumenical_altar_abandoned, serial_corexii_hall,
          corexii_hall_statues_l, corexii_hall_statues_i, serial_bayou_pond_b
D:3:      layout_basic, serial_shops, shop, gammafunk_ghost_nasty_kobolds
D:4:      layout_loops_ring, lemuel_tele_altar, mainiacjoe_overflow_chevrons,
          uniq_crazy_yiuf_cottage
D:5:      layout_rooms, serial_rivers, chequers_serial_rivers_small_b,
          chequers_serial_rivers_micro_a, chequers_serial_rivers_marsh,
          chequers_serial_rivers_micro_c, nicolae_shop_sticking_my_neck_out,
          uniq_duvessa
D:6:      layout_cave_pools, nicolae_overflow_hallway_of_the_gods,
          minmay_temple_entry_crystal_x, nicolae_zen_rock_garden
D:7:      layout_rooms, kennysheep_mini
D:8:      layout_loops_ring, uniq_maggie, uniq_joseph, uniq_pikel

Skill      XL: |  1  2  3  4  5  6  7  8  9 |
---------------+----------------------------+-----
Conjurations   | 1 2 3 4 6 |  6.3
Fire Magic     | 3 4 5 6 7 |  7.0
Dodging        | 2 3 4 |  4.6
Stealth        | 2 3 4 |  4.0
Spellcasting   | 2 |  2.0
Fighting       | 1 2 3 4 |  4.1

Action                   |  1- 3 |  4- 6 |  7- 9 || total
-------------------------+-------+-------+-------++-------
Melee: Club              |     3 |       |       ||     3
       Dagger            |    12 |     5 |       ||    17
       Unarmed           |     1 |       |       ||     1
       Short sword       |       |       |     3 ||     3
       War axe           |       |       |     5 ||     5
 Cast: Foxfire           |    82 |    30 |   125 ||   237
       Scorch            |    37 |    36 |    67 ||   140
  Use: Scroll            |     5 |     3 |     4 ||    12
       Potion            |       |       |     3 ||     3
 Stab: Sleeping          |     1 |       |       ||     1
Armor: Robe              |     5 |     4 |     7 ||    16
Dodge: Dodged            |    22 |     7 |    50 ||    79
       Repelled          |       |       |     3 ||     3
